 Dungeon Crawl Stone Soup version 0.19.1-1-g22dce08 (webtiles) character file.

1057 RedPan the Carver (level 8, -1/56 HPs)
             Began as a Demonspawn Gladiator on Dec 31, 2016.
             Was a Follower of Okawaru.
             Slain by an ice beast (5 damage)
             ... on level 5 of the Dungeon.
             The game lasted 00:12:05 (6973 turns).

RedPan the Carver (Demonspawn Gladiator)            Turns: 6973, Time: 00:12:05

Health: -1/56      AC: 12    Str: 18    XL:     8   Next: 6%
Magic:  8/8        EV: 12    Int:  9    God:    Okawaru [*.....]
Gold:   244        SH:  0    Dex: 14    Spells: 0 memorised, 7 levels left

rFire  . . .     SeeInvis .     a - +1 long sword
rCold  . . .     Gourm    .     j - +0 ring mail (curse)
rNeg   . . .     Faith    .     (no shield)
rPois  .         Spirit   .     c - +0 helmet
rElec  .         Reflect  .     (no cloak)
rCorr  .         Harm     .     (no gloves)
MR     .....                    (no boots)
Stlth  ++........               (no amulet)
                                (no ring)
                                (no ring)

@: sanguine armour
A: claws 1, nightstalker 1, powered by death 1, sanguine armour 1
a: Heroism, Renounce Religion


You were on level 5 of the Dungeon.
You worshipped Okawaru.
Okawaru was aware of your devotion.
You were not hungry.

You visited 2 branches of the dungeon, and saw 6 of its levels.
You also visited: Ossuary.

You collected 244 gold pieces.

Inventory:

Hand Weapons
 a - a +1 long sword (weapon)
Missiles
 d - 3 throwing nets (quivered)
Armour
 c - a +0 helmet (worn)
 e - a +1 robe of fire resistance
 j - a cursed +0 ring mail (worn)
Scrolls
 b - 4 scrolls of noise
 g - 4 scrolls of teleportation
 k - 2 scrolls of immolation
 r - a scroll of remove curse
Potions
 i - a potion of might {unknown}
 l - a potion of berserk rage {unknown}
 q - 2 potions of mutation {unknown}
 s - a potion of haste {unknown}
Books
 p - a book of Frost

   Spells                             Type                      Level
   a - Freeze                         Ice                          1
   b - Throw Frost                    Conjuration/Ice              2
   c - Ozocubu's Armour               Charms/Ice                   3
   d - Throw Icicle                   Conjuration/Ice              4
   e - Summon Ice Beast               Ice/Summoning                4
Comestibles
 f - 2 bread rations
 h - a royal jelly
 m - a beef jerky
 n - 2 meat rations
 o - 2 fruits


   Skills:
 + Level 2.0 Fighting
 - Level 9.1 Long Blades
 - Level 1.7 Throwing
 + Level 2.6 Dodging


You had 7 spell levels left.
You didn't know any spells.

Dungeon Overview and Level Annotations

Branches:
Dungeon (5/15)             Temple (1/1) D:4

Altars:
Cheibriados
Dithmenos
Fedhas
Gozag
Hepliaklqana
Nemelex Xobeh
Okawaru
Ru
Sif Muna
Trog
Vehumet
Yredelemnul
Zin
The Shining One

Annotations:
D:3 1 runed door, Grinder; cuckmaster's ghost, amateur OpBe


Innate Abilities, Weirdness & Mutations

You have sharp fingernails.
You are slightly more attuned to the shadows.
You regenerate a little health from kills.
When seriously injured, your bleeding wounds create armour. (AC +6)


Message History

The ice beast hits you. The ice beast freezes you!
You completely miss the ice beast.
The ice beast is heavily wounded.
The ice beast hits you. The ice beast freezes you!
* * * LOW HITPOINT WARNING * * *
You hit the ice beast but do no damage.
The ice beast is heavily wounded.
The ice beast hits you but does no damage.
You hit the ice beast but do no damage.
The ice beast is heavily wounded.
The ice beast barely misses you.
You slash the ice beast!
The ice beast is almost dead.
The ice beast hits you but does no damage.
You barely miss the ice beast.
The ice beast is severely wounded.
The ice beast hits you.
* * * LOW HITPOINT WARNING * * *
The ice beast freezes you.
You die...

#..........................#.#...
#.###.............###.......>....
..##.............................
###.........##########.....##....
.................### #.........##
###.........####...######....###.
#..........# ###...........##..
#..........############.....#..
##..........ZY@...####......##.
#.........#.#####..##..#.....#.
#.......>.#.### ##....##.#.....
#.........#...####>.(..........
#.........#.#.##...^...........
#.........#....#.#....###.#....
.......####.........###.#....
#.....## #.........##..#####
###### #...............# #


You could see an ice beast and a bullfrog zombie.

Vanquished Creatures
  An ice beast (D:5)
  A sky beast (D:5)
  2 ogres (D:5)
  Blork the orc (D:4)
  A howler monkey (D:4)
  A bullfrog zombie (D:5)
  A centaur zombie (Ossuary)
  A quasit (D:4)
  A hound (D:4)
  3 human zombies (Ossuary)
  An orc wizard (D:4)
  3 worker ants (D:4)
  Terence (D:3)
  A big kobold zombie (Ossuary)
  4 mummies (Ossuary)
  A worker ant zombie (D:5)
  4 gnolls (D:4)
  5 adders
  A shadow imp (D:4)
  An ooze (D:5)
  An adder skeleton (D:5)
  3 worms
  3 leopard geckos
  10 orcs
  A ball python (D:3)
  2 giant cockroaches
  7 goblins
  3 hobgoblins
  3 jackals (D:4)
  A quokka (D:3)
  10 bats
  8 frilled lizards
  5 kobolds
  3 orc zombies (Ossuary)
  5 rats
100 creatures vanquished.

Notes
Turn   | Place    | Note
-------+----------+-------------------------------------------
     0 | D:1      | RedPan the Demonspawn Gladiator began the quest for the Orb.
     0 | D:1      | Reached XP level 1. HP: 16/16 MP: 1/1
   239 | D:1      | Reached skill level 3 in Long Blades
   457 | D:1      | Gained mutation: You are slightly more attuned to the shadows. [demonic ancestry]
   457 | D:1      | Reached XP level 2. HP: 22/22 MP: 2/2
  1136 | D:2      | Gained mutation: You regenerate a little health from kills. [demonic ancestry]
  1136 | D:2      | Reached XP level 3. HP: 27/27 MP: 3/3
  1203 | D:2      | Reached skill level 4 in Long Blades
  1757 | D:3      | Noticed cuckmaster's ghost (amateur OpBe)
  2165 | D:3      | HP: 1/27 [cuckmaster's ghost (5)]
  2174 | D:3      | HP: 1/27 [cuckmaster's ghost (5)]
  2176 | D:3      | Reached XP level 4. HP: 6/33 MP: 4/4
  2181 | D:3      | HP: 1/33 [cuckmaster's ghost (9)]
  2573 | D:3      | Noticed Terence
  2589 | D:3      | Killed Terence
  3183 | D:3      | Found a runed door.
  3320 | D:3      | Noticed Grinder
  3357 | D:3      | Paralysed by Grinder for 2 turns
  3498 | D:4      | Reached skill level 5 in Long Blades
  3498 | D:4      | Gained mutation: When seriously injured, your bleeding wounds create armour. (AC +6) [demonic ancestry]
  3498 | D:4      | Reached XP level 5. HP: 5/38 MP: 5/5
  3792 | D:4      | Found a snail-covered altar of Cheibriados.
  3850 | D:4      | Found a radiant altar of Vehumet.
  3861 | D:4      | Found a bloodstained altar of Trog.
  3887 | D:4      | Found a glowing golden altar of the Shining One.
  4208 | D:4      | Found a staircase to the Ecumenical Temple.
  4219 | Temple   | Entered the Ecumenical Temple
  4345 | Temple   | Became a worshipper of Warmaster Okawaru
  4457 | D:4      | Reached skill level 6 in Long Blades
  4680 | D:4      | Reached XP level 6. HP: 39/44 MP: 6/6
  4832 | D:4      | Noticed Blork the orc
  4842 | D:4      | Killed Blork the orc
  4924 | D:4      | Found a hazy altar of Hepliaklqana.
  5251 | D:4      | Gained mutation: You have a pair of small horns on your head. [potion of beneficial mutation]
  5253 | D:5      | Entered Level 5 of the Dungeon
  5342 | D:4      | Reached skill level 7 in Long Blades
  5492 | D:5      | Noticed an ice beast
  5508 | D:5      | Killed an ice beast
  5508 | D:5      | Reached * piety under Okawaru
  5508 | D:5      | Gained mutation: You have sharp fingernails. [demonic ancestry]
  5508 | D:5      | Reached XP level 7. HP: 38/50 MP: 7/7
  5509 | D:5      | Lost mutation: You have a pair of small horns on your head. [potion of cure mutation]
  5608 | D:5      | Found a sand-covered staircase.
  5616 | Ossuary  | Entered an ossuary
  5852 | Ossuary  | Reached skill level 8 in Long Blades
  5873 | Ossuary  | HP: 2/50 [mummy (13)]
  5885 | Ossuary  | HP: 1/75 [mummy (6)]
  6442 | D:5      | Reached ** piety under Okawaru
  6718 | D:5      | Found a sparkling altar of Nemelex Xobeh.
  6728 | D:5      | Reached skill level 9 in Long Blades
  6728 | D:5      | Reached XP level 8. HP: 25/56 MP: 5/8
  6973 | D:5      | Slain by an ice beast

Skill      XL: |  1  2  3  4  5  6  7 |
---------------+----------------------+-----
Long Blades    | 3 4 5 6 7 9 |  9.1
Fighting       | |  2.0
Throwing       | |  1.7
Dodging        | |  2.6

Action                   |  1- 3 |  4- 6 |  7- 9 || total
-------------------------+-------+-------+-------++-------
Melee: Long sword        |   128 |   163 |   166 ||   457
       Headbutt          |       |     6 |       ||     6
Invok: Heroism           |       |       |     2 ||     2
  Use: Potion            |     7 |     1 |     4 ||    12
       Scroll            |     4 |     6 |     3 ||    13
 Stab: Sleeping          |     3 |     4 |     3 ||    10
       Invisible         |       |     1 |       ||     1
  Eat: Chunk             |     4 |     5 |     2 ||    11
       Meat ration       |       |     1 |       ||     1
       Bread ration      |       |       |     1 ||     1
Armor: Robe              |    46 |    14 |       ||    60
       Leather armour    |     7 |       |       ||     7
       Ring mail         |       |    40 |    37 ||    77
Dodge: Dodged            |   115 |   102 |    57 ||   274
       Rpst.: Long sword |    44 |    43 |    15 ||   102
